 Dungeon Crawl Stone Soup version 0.27-a0-1026-gbab068f60c (webtiles) character file.

Game seed: 3126235442675749222

5834 Lemonice the Thaumaturge (level 10, -1/70 HPs)
             Began as a Djinni Fire Elementalist on Apr 18, 2021.
             Was a Follower of Ru.
             Killed by divine providence
             ... invoked by a sphinx
              (14 damage)
             ... on level 9 of the Dungeon.
             The game lasted 00:45:43 (8814 turns).

Lemonice the Thaumaturge (Djinni Fire Elementalist) Turns: 8814, Time: 00:45:44

Health: -1/70      AC: 11    Str: 15    XL:     10   Next: 80%
Gold:   66         EV: 13    Int: 18    God:    Ru [*.....] SH:  0 Dex: 14

rFire    + + .     SeeInvis .   t - +2 short sword (venom)
rCold    x . .     Faith    .   (no shield)
rNeg     . . .     Spirit   .   M - +1 ring mail of the Thunderstorm {Fly rElec rCorr Slay+2}
rPois    ∞         Reflect  .   (no helmet)
rElec    +         Harm     .   N - +0 cloak
rCorr    +         Rampage  .   G - +2 pair of gloves
Will     +....                  (boots unavailable)
Stlth    ++........             r - amulet of regeneration
HPRegen  1.21/turn              y - ring of poison resistance
MPRegen  0.00/turn              P - +6 ring of strength

@: unable to read, flying
A: fire resistance 2, cold vulnerability 1, inability to read while threatened,
float, innate caster, hp casting, extra vitality 1
a: Renounce Religion


You were on level 9 of the Dungeon.
You worshipped Ru.
Ru was aware of your devotion.
You visited 2 branches of the dungeon, and saw 10 of its levels.

You collected 523 gold pieces.
You spent 457 gold pieces at shops.

Inventory:

Hand Weapons
 e - a +0 short sword
 q - a +0 halberd
 t - a +2 short sword of venom (weapon)
 T - a +0 whip
Missiles
 d - 98 sling bullets
 m - 53 poisoned darts
 n - 3 throwing nets
 L - 4 boomerangs of dispersal
Armour
 a - a +0 robe
 c - a +0 leather armour
 j - a +0 pair of gloves
 k - +0 steam dragon scales
 B - a +0 kite shield
 G - a +2 pair of gloves (worn)
 M - the +1 ring mail of the Thunderstorm (worn) {Fly rElec rCorr Slay+2}
   (You found it on level 7 of the Dungeon)

   It affects your accuracy and damage with ranged weapons and melee attacks
   (+2).
   It insulates you from electricity.
   It grants you flight.
   It protects you from acid and corrosion.
 N - a +0 cloak (worn)
 Q - a +0 troll leather armour
 R - a +2 kite shield
 S - a +1 scale mail of cold resistance
Magical Staves
 H - a staff of earth
 U - a staff of air
Jewellery
 r - an amulet of regeneration (around neck)
 y - a ring of poison resistance (left hand)
 P - a +6 ring of strength (right hand)
 X - a ring of positive energy
Wands
 p - a wand of polymorph (13)
 O - a wand of flame (12)
Scrolls
 b - 3 scrolls of teleportation {unknown}
 f - 5 scrolls of magic mapping {unknown}
 h - 3 scrolls of fear {unknown}
 v - 3 scrolls of silence {unknown}
 x - 2 scrolls of enchant weapon {unknown}
 D - a scroll of brand weapon {unknown}
 E - a scroll of acquirement {unknown}
 F - a scroll of blinking {unknown}
 J - a scroll of torment {unknown}
 W - a scroll of enchant armour {unknown}
 Y - a scroll of immolation {unknown}
Potions
 g - a potion of berserk rage
 i - 2 potions of experience
 l - 7 potions of curing
 o - 2 potions of flight
 s - a potion of haste
 u - 2 potions of might
 w - 3 potions of brilliance
 z - 3 potions of attraction
 A - 2 potions of resistance
 C - 2 potions of heal wounds
 I - a potion of mutation
 K - 3 potions of degeneration {unknown}
 V - 2 potions of lignification {unknown}


   Skills:
 + Level 5.3 Fighting
 - Level 2.9 Short Blades
 + Level 3.9 Armour
 + Level 6.6 Dodging
 - Level 5.4 Stealth
 - Level 0.4 Unarmed Combat
 * Level 9.8 Spellcasting


You had 3 spell levels left.
You knew the following spells:

 Your Spells              Type           Power      Damage    Failure   Level
a - Foxfire               Conj/Fire      100%       2x1d9     1%          1
b - Conjure Flame         Conj/Fire      44%        6-21      1%          3
c - Inner Flame           Hex/Fire       44%        N/A       1%          3
d - Sticky Flame          Conj/Fire      44%        2d6       2%          4
e - Fireball              Conj/Fire      22%        3d10      8%          5
f - Corona                Hex            48%        N/A       1%          1
g - Searing Ray           Conj           88%        3d6       1%          2
h - Ozocubu's Armour      Ice            44%        N/A       1%          3
i - Spider Form           Tmut/Pois      22%        N/A       1%          3
Your spell library was empty.

Dungeon Overview and Level Annotations

Branches:
Dungeon (9/15)             Temple (1/1) D:6
   Lair: D:8-11         Orc: D:9-12

Altars:
Ashenzari
Cheibriados
Dithmenos
Elyvilon
Fedhas
Gozag
Hepliaklqana
Kikubaaqudgha
Makhleb
Nemelex Xobeh
Okawaru
Qazlal
Ru
Sif Muna
Trog
Uskayaw
Vehumet
Wu Jian
Xom
Yredelemnul
Zin
The Shining One

Shops:
D:7 !   D:9 ****(


Innate Abilities, Weirdness & Mutations

You are immune to poison.
Your flesh is very heat resistant. (rF++)
You are vulnerable to cold. (rC-)
You sometimes lose the ability to read scrolls when taking damage.
You float through the air rather than walking.
You learn spells naturally, not from books.
Your magical power is your life essence.
You have superior vitality. (+4 HP)


Message History

You feel threatened and lose the ability to read scrolls!
The bullfrog misses you.
Casting: Sticky Flame (dangerous; 2% risk of failure)
Confirm with . or Enter, or press ? or * to list all spells.
Aiming: Sticky Flame (dangerous; 2% risk of failure)
Press: ? - help, Shift-Dir - straight line, f - bullfrog, p - acid dragon
Aim: a bullfrog (100% to hit)
The sticky flame hits the bullfrog!
The bullfrog is moderately wounded.
The bullfrog is covered in liquid flames!
The bullfrog burns!
The acid dragon burns!
The bullfrog barely misses you. The acid dragon barely misses you. x2
Casting: Sticky Flame (dangerous; 2% risk of failure)
Confirm with . or Enter, or press ? or * to list all spells.
Aiming: Fireball (dangerous; 8% risk of failure)
Press: ? - help, Shift-Dir - straight line, f/p - bullfrog
Aim: a bullfrog (heavily wounded, covered in liquid flames)
Okay, then.
The bullfrog burns!
The acid dragon burns!
The bullfrog hits you but does no damage.
The acid dragon closely misses you. The acid dragon barely misses you.
The bullfrog hits you.
You feel much better.
You can read scrolls again.
The bullfrog burns!
The acid dragon burns!
The bullfrog closely misses you. The acid dragon spits acid at you.
The splash of acid hits you. You resist.
You are splashed with acid!
You resist.
You feel threatened and lose the ability to read scrolls!
The sphinx hits you! The sphinx hits you. The sphinx barely misses you.
The bullfrog burns!
You kill the bullfrog!
The acid dragon burns!
The sphinx hits you!
* * * LOW HITPOINT WARNING * * *
The sphinx hits you but does no damage. x2
The acid dragon burns!
You kill the acid dragon!
The sphinx casts a spell.
Something smites you!
You die...

P..P. ## #..P.? #.
..PP.. #.## ......#
#..# ##.P..PTP
#..######..#W..P.
#...Y.Y...# P...
###.##.....# ....
#@Y†.#..PP.## #F..
##.HT#..∩PT.# #Y..
###...P....###.#
#............#
#####..########..#
##.........### #..##
#.......∩....###....
#######.)..##...#.##.
#8###8#.....<.....##.


You could see a sphinx, 2 yaks and a troll.

Vanquished Creatures
  Pikel (D:6)
  An ugly thing (D:9)
  A centaur zombie (D:7)
  A troll (D:8)
  Grinder (D:3)
  A vampire (D:8)
  A shadow (D:9)
  A wyvern (D:8)
  A wraith (D:9)
  2 steam dragons
  A yak (D:8)
  2 acid dragons
  Menkaure (D:5)
  2 ice beasts
  A necrophage (D:5)
  An orc warrior (D:8)
  2 ogres
  A centaur (D:7)
  A phantom (D:5)
  A lemure (D:6)
  A kobold brigand (D:8)
  3 gnoll sergeants
  7 bullfrogs
  3 scorpions
  A wyvern skeleton (D:6)
  5 killer bees
  An electric eel (D:9)
  2 bullfrog zombies
  6 hounds
  A jelly (D:7)
  5 orc priests
  4 iguanas
  10 orc wizards
  A scorpion zombie (D:5)
  2 hound skeletons (D:4)
  A howler monkey zombie (D:8)
  11 gnolls
  3 adders
  A shadow imp (D:5)
  A white imp (D:8)
  An ufetubus (D:5)
  An adder skeleton (D:4)
  A worm (D:2)
  4 dart slugs
  28 orcs
  7 bats
  A bat zombie (D:1)
  11 endoplasms
  3 giant cockroaches
  16 goblins
  8 hobgoblins
  3 jackals (D:2)
  3 quokkas (D:1)
  3 ball pythons
  4 frilled lizards
  A giant cockroach zombie (D:1)
  14 kobolds
  10 rats
212 creatures vanquished.

Vanquished Creatures (others)
  262 foxfires
  A fungus (D:9)
  4 plants
  2 withered plants (D:1)
269 creatures vanquished.

Grand Total: 481 creatures vanquished

Notes
Turn   | Place    | Note
-------+----------+-------------------------------------------
     0 | D:1      | Lemonice the Djinni Fire Elementalist began the quest for
                  | the Orb.
     0 | D:1      | Reached XP level 1. HP: 15/15 MP: 0/0
   535 | D:1      | Reached skill level 3 in Spellcasting
   535 | D:1      | Reached XP level 2. HP: 19/21 MP: 0/0
   988 | D:1      | Found a faded altar of an unknown god.
  1252 | D:1      | Reached XP level 3. HP: 24/25 MP: 0/0
  1252 | D:1      | Learned a level 1 spell: Corona
  2367 | D:1      | Reached XP level 4. HP: 31/31 MP: 0/0
  3048 | D:2      | Reached skill level 4 in Spellcasting
  3864 | D:3      | Reached XP level 5. HP: 26/36 MP: 0/0
  3864 | D:3      | Learned a level 2 spell: Searing Ray
  3966 | D:3      | Noticed Grinder
  3976 | D:3      | Reached skill level 1 in Short Blades
  4133 | D:3      | Killed Grinder
  4134 | D:3      | Reached skill level 1 in Fighting
  4134 | D:3      | Reached XP level 6. HP: 42/42 MP: 0/0
  4287 | D:3      | Reached skill level 5 in Spellcasting
  4367 | D:3      | Found a sparkling altar of Nemelex Xobeh.
  4704 | D:3      | Reached XP level 7. HP: 45/47 MP: 0/0
  4704 | D:3      | Learned a level 3 spell: Ozocubu's Armour
  5702 | D:5      | Entered Level 5 of the Dungeon
  5827 | D:5      | Noticed Menkaure
  5832 | D:5      | Killed Menkaure
  5833 | D:5      | Reached skill level 6 in Spellcasting
  5833 | D:5      | Reached XP level 8. HP: 51/54 MP: 0/0
  6285 | D:6      | Reached skill level 7 in Spellcasting
  6449 | D:6      | Noticed Pikel
  6456 | D:6      | Killed Pikel
  6457 | D:6      | Reached skill level 5 in Stealth
  6457 | D:6      | Reached XP level 9. HP: 45/59 MP: 0/0
  6457 | D:6      | Learned a level 3 spell: Spider Form
  6498 | D:6      | Found a staircase to the Ecumenical Temple.
  6540 | Temple   | Entered the Ecumenical Temple
  6630 | Temple   | Became a worshipper of Ru the Awakened
  6681 | D:6      | Reached skill level 8 in Spellcasting
  6807 | D:7      | Found Ypef's Distillery.
  6816 | D:7      | Bought a potion of heal wounds for 80 gold pieces
  6816 | D:7      | Bought a potion of mutation for 128 gold pieces
  6816 | D:7      | Bought a potion of curing for 48 gold pieces
  7193 | D:7      | Identified the +1 ring mail of the Thunderstorm {Fly rElec
                  | rCorr Slay+2}
  7346 | D:7      | Reached skill level 1 in Armour
  7346 | D:7      | Reached skill level 5 in Dodging
  7455 | D:7      | Reached XP level 10. HP: 67/67 MP: 0/0
  7727 | D:8      | Reached skill level 9 in Spellcasting
  7759 | D:8      | Gained mutation: You sometimes lose the ability to read
                  | scrolls when taking damage. [Ru sacrifice]
  7759 | D:8      | Reached * piety under Ru
  8510 | D:9      | Found Syxtu's Assorted Antiques.
  8527 | D:9      | Found Motita's Assorted Antiques.
  8549 | D:9      | Bought a scroll labelled NATISUKHL BAWI for 37 gold pieces
  8549 | D:9      | Bought a glowing brown potion for 33 gold pieces
  8549 | D:9      | Bought a scroll labelled KUAMIVE AXEUSCH for 37 gold pieces
  8549 | D:9      | Bought a fizzy puce potion for 33 gold pieces
  8549 | D:9      | Bought a bubbling white potion for 33 gold pieces
  8572 | D:9      | Bought a scroll labelled COEKHA BARALEY for 28 gold pieces
  8633 | D:9      | Noticed a sphinx
  8634 | D:9      | Found Suuweh's Assorted Antiques.
  8650 | D:9      | Reached skill level 5 in Fighting
  8673 | D:9      | Found Getus's Antique Weapon Shoppe.
  8688 | D:9      | Found Ufusut's Assorted Antiques.
  8783 | D:9      | Noticed a brown ugly thing
  8804 | D:9      | Killed a brown ugly thing
  8814 | D:9      | Killed from afar by a sphinx

Illustrated notes

Levels and vault maps discovered:
D:1:      saegor_arrival_fortress, layout_loops_ring,
          shapermc_ecumenical_altar_flowoftime, amcnicky_mini_pool_small,
          minmay_heptomino_w4
D:2:      layout_loops_corners
D:3:      layout_basic, nemelex_spade_bored_becter, supply_closet_lemuel,
          roderic_serpentine_path, uniq_grinder
D:4:      layout_basic
D:5:      layout_rooms, uniq_menkaure
D:6:      layout_gridville, minmay_temple_entry_overgrown, uniq_pikel
D:7:      layout_loops_corners, serial_shops, shop
D:8:      minmay_opposing_rooms, layout_loops_ring
D:9:      layout_rooms, grunt_lair_entry_orc_guard_hut, serial_shops,
          nicolae_shop_overgrown_old_shop, shop_statue,
          nicolae_shop_overgrown_old_shop, nicolae_shop_overgrown_old_shop,
          shop_coins, chequers_arboretum, corexii_hall_statues_x,
          columned_hall_lemuel, kennysheep_island_fort
Temple:   nicolae_temple_the_god_donut

Skill      XL: |  1  2  3  4  5  6  7  8  9 10 |
---------------+-------------------------------+-----
Spellcasting   | 3 4 5 6 7 8 9 |  9.8
Stealth        | 2 3 5 |  5.4
Short Blades   | 1 2 |  2.9
Fighting       | 1 2 3 5 |  5.3
Dodging        | 3 4 5 6 |  6.6
Armour         | 1 3 |  3.9
Unarmed Combat | |  0.4

Action                   |  1- 3 |  4- 6 |  7- 9 | 10-12 || total
-------------------------+-------+-------+-------+-------++-------
Melee: Unarmed           |    12 |       |       |       ||    12
       Short sword       |    12 |    16 |    10 |    12 ||    50
 Cast: Foxfire           |    74 |    61 |    35 |     8 ||   178
       Corona            |     2 |       |       |     2 ||     4
       Conjure Flame     |       |     2 |     1 |       ||     3
       Searing Ray       |       |    16 |    46 |    21 ||    83
       Sticky Flame      |       |     1 |     4 |    10 ||    15
       Ozocubu's Armour  |       |       |     1 |     2 ||     3
       Fireball          |       |       |     5 |     5 ||    10
Invok: Sacrifice Words   |       |       |       |     1 ||     1
  Use: Scroll            |       |       |       |     8 ||     8
       Potion            |       |       |       |     1 ||     1
 Stab: Sleeping          |     2 |     3 |     1 |     1 ||     7
Armor: Robe              |    28 |     4 |     3 |       ||    35
       Ring mail         |       |       |     6 |    26 ||    32
Dodge: Dodged            |    59 |    17 |    33 |    43 ||   152

Table legend: (Time is in decaauts)
 A = Elapsed time spent in this place.
 B = Non-inter-level travel time spent in this place.
 C = Inter-level travel time spent in this place.
 D = Time resting spent in this place.
 E = Time spent auto-exploring this place.
 F = Levels seen in this place.
 G = Mean time per level.
                   A        B        C        D        E       F      G
               +--------+--------+--------+--------+--------+-----+--------+
         Total |   8812 |   8628 |    184 |   1851 |   4552 |  10 |  881.2 |
       Dungeon |   8708 |   8531 |    177 |   1851 |   4542 |   9 |  967.6 |
        Temple |    104 |     97 |      7 |      0 |     10 |   1 |  104.0 |
               +--------+--------+--------+--------+--------+-----+--------+

Top non-repeatable levels by time:
     D:1: 2542 daAuts
     D:2: 1183 daAuts
     D:3: 1008 daAuts
     D:4: 968 daAuts
     D:7: 947 daAuts
     D:8: 801 daAuts
     D:5: 528 daAuts
     D:6: 423 daAuts
     D:9: 303 daAuts
  Temple: 104 daAuts
